[Event "Speed Chess Championship 2022 - Evento "]
[Site "Chess.com"]
[Date "2022.12.18"]
[Round "4"]
[White "Carlsen, Magnus"]
[Black "Nakamura, Hikaru"]
[Result "0-1"]
[WhiteElo "2859"]
[BlackElo "2768"]
[ECO "E05"]
[EventDate "2022.??.??"]
[Annotator "rafael"]
[PlyCount "72"]
[Beauty "7904622817288"]
[EventType "team-tourn"]
[TimeControl "300+1"]

1.d4 Nf6 2.c4 e6 3.Nf3 d5 4.g3 {The choice of the Catalan Opening shows how seriously Carlsen was taking this match. That was his main opening in the world championship duel against Nepomniachtchi.} 4...Be7 5.Bg2 O-O 6.O-O dxc4 7.Qc2 a6 ( 7...b5 {Nakamura is an expert in this variation, but he decided not to test Carlsen's preparation.} ) 8.a4 Bd7 9.Qxc4 Bc6 10.Bg5 {This is one of the most important positions in the Catalan.} ( 10.Bf4 {is also popular.} ) 10...a5 {A rare move in Nakamura's games. The two most popular alternatives, 10...Bd5 and 10...Nbd7, had already been tried by him.} ( 10...Bd5 ) ( 10...Nbd7 ) 11.Nc3 Nbd7 ( 11...Na6 {Previously the development of the knight on a6 was almost automatic here. I have an old game in this position that brings back good memories.} 12.Bxf6 Bxf6 13.e4 Nb4 14.Rfd1 b6 15.Rd2 Bb7 16.Rad1 c6 {Akesson-Leitao, Cappelle la Grande 2000.} ) 12.Rfd1 h6 13.Bxf6 Nxf6 14.Ne5 Bxg2 15.Kxg2 c6 16.e4 Bb4 ( 16...Qb6 {is quite natural.} 17.Qe2 Rfd8 18.Nc4 Qc7 19.e5 Nd5 20.Ne4 Nb6 {with chances for both sides in Yip-Mendonca, Gelfand Challenge (rapid) 2021.} ) 17.Qe2 Qb6 {The first new move.} ( 17...Qc7 {Nechaeva-Ovod, Ufa 2021.} ) 18.Rac1 ( 18.Rd3 {During the Portuguese broadcast, I suggested this natural move, preparing to double rooks, protecting the d4-pawn. The rook might also be useful on the third rank if White starts an attack with g3-g4. Needless to say, the computer is not impressed, indicating the usual 0.00 evaluation.} ) 18...Rad8 19.Nf3 Rd7 20.Qc2 ( 20.e5 {is a risky plan. After} 20...Nd5 21.Ne4 Ne7 $1 {[%c_effect e7;square;e7;type;GreatFind;persistent;true] Black is solid and ready to attach the d4-pawn with Nf5.} ) 20...Bxc3 $5 {[%c_effect c3;square;c3;type;Interesting;persistent;true] This is a very difficult move for me and I guess for most players. Doubling rooks on the d-file or playing a waiting move seems easier. Instead, Nakamura first parts with the bishop and then undermines White's center. It's usually very difficult to evaluate changes in the positional elements during the middlegame. Supposing this was not home preparation, it shows a deep chess understanding.} 21.bxc3 c5 $1 22.Rb1 Qc7 23.Qe2 Rfd8 24.Rb5 cxd4 25.cxd4 b6 $1 {[%c_effect b6;square;b6;type;GreatFind;persistent;true] Black is in time to get counterplay by attacking White's e4-pawn.} 26.Rdb1 Qb7 27.d5 $1 ( 27.Rxb6 {Doesn't give any advantage.} 27...Qxe4 ) 27...exd5 28.Rxb6 Qa8 $6 {[%c_effect a8;square;a8;type;Inaccuracy;persistent;true] This is inaccurate due to a tactical idea that is simply impossible to stop during a blitz game.} ( 28...Qc7 $1 29.e5 Ne4 {And chances are roughly equal.} ) 29.e5 Ne4 30.Ra6 $6 ( 30.Nd4 $3 {[%c_effect d4;square;d4;type;Brilliant;persistent;true] This wonderful move gives White the advantage. Of course, centralizing the knight is very natural and good, but what happens if Black plays 30...Nc3 $2 Let's see:} 30...Nc3 $6 31.Qg4 $1 Nxb1 32.Nf5 $1 {[%c_effect f5;square;f5;type;GreatFind;persistent;true] This is the point. Surprisingly Black cannot defend the combined attack of queen, rook, knight, and pawn.} 32...d4+ 33.Kh3 g6 34.Nxh6+ Kf8 ( 34...Kg7 35.Nf5+ Kf8 36.Qh4 gxf5 37.Rh6 $1 {[%c_effect h6;square;h6;type;GreatFind;persistent;true] Mate is unavoidable.} ) 35.Rf6 $3 {[%c_effect f6;square;f6;type;Brilliant;persistent;true] White brings the rook to the attack, threatening 36.Qxg6. A possible finish is:} 35...Ke8 36.Nxf7 $1 Rxf7 37.Qe6+ Re7 38.Qg8+ Kd7 39.Rd6+ Kc7 40.Qc4+ Kb7 41.Qc6+ Ka7 42.Qb6# ) 30...Qc8 31.Rbb6 Nc5 $1 {[%c_effect c5;square;c5;type;GreatFind;persistent;true] A pawn sacrifice and a very good practical decision.} ( 31...Rc7 32.Nd4 Ng5 {This is the computer's suggestion and it also seems OK for Black.} ) 32.Rxa5 d4 {The pawn starts rolling and the position looks scary for White.} 33.Qc4 ( 33.Rd6 {is a good alternative.} 33...d3 ( 33...Rxd6 $6 34.exd6 Rxd6 $6 35.Qc4 ) 34.Qe3 Nb7 35.Rxd7 Rxd7 {with a complicated position, but Black has enough compensation for a draw.} ) 33...Rc7 34.Qb4 Nd3 $1 {[%c_effect d3;square;d3;type;GreatFind;persistent;true] Now Carlsen has just one way to escape.} 35.Qb5 $2 {[%c_effect b5;square;b5;type;Mistake;persistent;true] This move loses immediately.} ( 35.Qd2 $1 Nxf2 $1 {[%c_effect f2;square;f2;type;GreatFind;persistent;true] The world champion certainly saw this move and didn't like his position. But the defensive resources are not exhausted.} 36.Qxf2 Rc2 37.Nd2 Qc3 38.Rd5 $3 {[%c_effect d5;square;d5;type;Brilliant;persistent;true] The only move.} 38...Rxd2 ( 38...Rxd5 $2 39.Rb8+ Kh7 $2 40.Qf5+ g6 41.Qxf7# ) 39.Rxd8+ Kh7 40.Rbd6 Rxf2+ 41.Kxf2 {And the game ends in a draw.} ) 35...Nf4+ $1 {[%c_effect f4;square;f4;type;GreatFind;persistent;true] Suddenly Nakamura has a mating attack.} 36.Kh1 ( 36.gxf4 Qg4+ 37.Kf1 Qxf3 38.Qb1 d3 {Threatening mate.} 39.Kg1 d2 {and the d-pawn decides the game.} ) 36...Qh3 {The quickest way to decide the game. Congratulations to both players for this incredible match, especially to Nakamura for achieving something that seemed impossible. It was an unforgettable Sunday.} 0-1

[Event "Tata Steel Chess Masters 2023"]
[Site "Chess.com"]
[Date "2023.01.14"]
[Round "1"]
[White "Gukesh, D."]
[Black "Ding, Liren"]
[Result "0-1"]
[WhiteElo "2725"]
[BlackElo "2811"]
[ECO "E15"]
[EventDate "2023.??.??"]
[Annotator "rafael"]
[PlyCount "76"]
[Beauty "7770669612096"]
[EventType "schev"]
[EventRounds "4"]
[TimeControl "6000+30"]

{The first round of the Tata Steel tournament had great games and fulfilled the expectations of chess fans all over the world. Perhaps this impression is also accentuated because we've been a few days without elite chess tournaments and, as they say, hunger is the best seasoning.} 
1.d4 Nf6 2.c4 e6 3.Nf3 b6 4.g3 {The Queen's Indian has been somewhat absent from elite tournaments lately, in my opinion for no good reason other than the \"opening fashion.”} 4...Ba6 5.b3 Bb4+ 6.Bd2 Be7 7.Bg2 O-O 8.O-O d5 9.Nc3 {This move doesn't seem to promise much for White.} ( 9.cxd5 {is the most popular move. After} 9...exd5 10.Nc3 {we have a classic Queen’s Indian position that has been discussed in many games.} ) 9...c6 10.Bf4 Nbd7 ( 10...dxc4 $2 {is premature.} 11.bxc4 Bxc4 12.Bxb8 $1 {An important detail.} ( 12.Ne5 $6 Ba6 ) 12...Rxb8 13.Ne5 {With a big advantage for White.} ) 11.cxd5 exd5 $5 {I was surprised by this way of recapturing the pawn, but it had been tried before. With this move Ding shows that he is willing to take risks to play for the win. The c-pawn capture, now or after the knight exchange, leads to an even position, but in which Black would not have much chance of winning due to the symmetrical pawn structure.} ( 11...Nxd5 {was played in correspondence games and solves Black's problems, for instance:} 12.Nxd5 cxd5 13.Qd2 Rc8 {with equality in Dunlop-Morrow, ICCF email 2021.} ) ( 11...cxd5 {is also playable.} ) 12.Ne1 {A theoretical novelty. This is a thematic maneuver in these positions, taking the knight to d3.} ( 12.Rc1 {was tried in Bogner-Sevian, Titled Tuesday (blitz) 2020.} ) 12...Re8 13.Nd3 Nf8 {Another typical knight maneuver.} 14.Bg5 {Gukesh wants to exchange on f6 and then play e2-e3, continuing the slow play characteristic of these positions, but this plan has a small problem.} ( 14.Re1 {is possible, taking the rook out of the x-ray rook from the a6-bishop. The game can follow:} 14...Ne6 15.Be5 Nd7 {Of course this move is not forced.} 16.e4 $5 dxe4 17.Bxe4 Bxd3 18.Qxd3 Nxe5 19.Bxh7+ Kf8 20.dxe5 Qxd3 21.Bxd3 Bb4 22.Rac1 Ba3 23.Rb1 Bb4 {with a draw. It's always a success for the commentator when his analysis ends in some random move repetition.} ) 14...Ne6 15.Bxf6 Bxf6 16.e3 Nc5 $1 {This move solves all of Black's problems. Not just that—his position becomes more comfortable. It's quite possible that the Indian GM missed this resource.} 17.dxc5 Bxc3 18.Rc1 Qf6 19.Qc2 d4 20.cxb6 axb6 21.Rfd1 Rad8 22.exd4 Bxd4 {The bishop pair is frightening and we know hundreds of historical games in which they were devastating—this will be another one of them. That said, it was still possible to fight for equality, but the position requires machine precision.} 23.Nf4 $2 {An error that will be masterfully exploited by the Chinese grandmaster.} ( 23.Bxc6 $1 {is the only way to keep the balance. It's scary to voluntarily put yourself in a pin, but the computer isn't afraid.} 23...Rc8 24.Nf4 $1 {And White is saved in all variations, oddly enough. A possible continuation is:} 24...Bb5 ( 24...Re2 25.Nxe2 Qxf2+ 26.Kh1 Bxe2 27.Rxd4 Bf3+ 28.Bxf3 Qxf3+ 29.Kg1 Qe3+ 30.Kg2 Rxc2+ 31.Rxc2 h5 {with a likely draw.} ) ( 24...Re5 25.b4 $1 {avoiding 25..Rc5.} ) 25.Bxb5 ( 25.Bxe8 Rxc2 26.Rxc2 Bxe8 27.Rc8 Kf8 28.Re1 Be5 $1 29.Nd3 Qe6 $1 30.Rxe8+ Qxe8 31.Rxe5 Qc6 {should also end in a draw.} ) 25...Rxc2 26.Rxc2 Rd8 {White has enough for the missing queen. The position is equal.} ) 23...g5 $1 {Forcing the knight to the edge of the board.} 24.Nh5 Qh6 25.Bf3 {Defending the knight and the rook invasion on e2.} 25...c5 {A knight on the rim is dim. A good commentator should never miss a chance to use this saying, as I have done dozens of times.} 26.g4 {Gukesh prepares to bring the knight back to the game.} 26...f5 $3 {The best move of the game. Black breaks through on the kingside, sacrificing a few pawns along the way.} 27.Ng3 ( 27.gxf5 g4 $1 28.Bxg4 Qg5 ( 28...Qc6 {with idea of playing Bb7, might be even stronger.} ) 29.h3 Re2 30.Rxd4 Rxd4 31.Qc3 Rd3 {with a winning position.} ) ( 27.Qxf5 Bc8 $1 28.Qc2 Rf8 29.Qe2 Qd6 $1 {An accurate move.} ( 29...Rde8 {is not so good.} 30.Qc4+ Be6 31.Bd5 ) 30.Ng3 Rde8 {with a winning attack.} ) 27...fxg4 28.Nf5 ( 28.Bxg4 Bb7 {Look at those bishops. As I like to say, this is a position that deserves a picture!} ) 28...Qf6 29.Be4 ( 29.Nxd4 cxd4 30.Bxg4 d3 {Black loses the bishop pair but gains another strong asset: the d-pawn decides the game.} ) ( 29.Bxg4 Bc8 {is also winning for Black.} ) 29...h5 $6 {An inaccuracy.} ( 29...Qe5 $1 {leads to an ending with likely decisive advantage for Black after} 30.Nxd4 Qxe4 31.Qxe4 Rxe4 32.Nf5 Rxd1+ 33.Rxd1 h5 ) 30.b4 $1 {The best chance. White needs to create some active play.} 30...Kf8 {A prophylactic move, taking the king off the a2-g8 diagonal.} ( 30...h4 {is also possible.} ) 31.a3 $6 {Too slow. Now White is definitely lost.} ( 31.a4 $1 {is the computer's suggestion, with the idea of playing b4-b5 or a4-a5.} 31...Bb2 32.Rxd8 Rxd8 33.Rd1 cxb4 34.Rxd8+ Qxd8 35.a5 $1 ( 35.Qxb2 $2 {leads to a pretty mate after} 35...Qd1+ 36.Kg2 Qf1+ 37.Kg3 Qh3# ) 35...Bf6 ( 35...bxa5 $2 36.Qc5+ ) 36.axb6 Qxb6 37.Bd5 {with some drawing chances for White, despite being two pawns down.} ) 31...h4 {Preparing g3, sacrificing a pawn but mortally opening up White's position.} 32.Re1 {It loses on the spot, but it's hard to make recommendations.} ( 32.Nxd4 Rxd4 33.Rxd4 cxd4 {The d-pawn decides the game.} ) ( 32.bxc5 Bxc5 {is also easily winning for Black.} ) 32...Rxe4 $1 {The most clearcut way to win.} ( 32...g3 {also wins and I will show this variation so the reader has an idea of how Black could win If White had played some random move instead of 32.Re1.} 33.hxg3 hxg3 34.Nxg3 ( 34.Nxd4 cxd4 35.fxg3 d3 {wins material.} ) 34...Qf4 $1 {Threatening to take the g3-knight.} 35.Kg2 ( 35.Nf5 Be5 ) 35...Bxf2 $1 36.Qxf2 Rd2 37.Ne2 Qxf2+ 38.Kxf2 Rxe4 {The e2-knight is captured and Black wins.} ) 33.Qxe4 ( 33.Rxe4 Bd3 $1 ) 33...Bd3 $1 {This is the point. I don't want to sound repetitive, but look at these bishops!} 34.Qe6 ( 34.Qxd3 Bxf2+ 35.Kxf2 Rxd3 ) 34...Qxe6 35.Rxe6 Bxf5 36.Rxb6 g3 37.hxg3 hxg3 38.bxc5 Bh3 {A brilliant game by the world title contender.} 0-1

[Event "Tata Steel Chess Masters 2023"]
[Site "Chess.com"]
[Date "2023.01.15"]
[Round "2"]
[White "Giri, Anish"]
[Black "Gukesh, D."]
[Result "1-0"]
[WhiteElo "2764"]
[BlackElo "2725"]
[ECO "D38"]
[EventDate "2023.??.??"]
[Annotator "Rafael Leitao"]
[PlyCount "53"]
[Beauty "8246895088684"]
[EventType "schev"]
[EventRounds "4"]
[TimeControl "6000+30"]

1.d4 Nf6 2.c4 e6 3.Nf3 d5 4.Nc3 Bb4 5.Bg5 h6 6.Bxf6 Qxf6 7.e3 O-O 8.Rc1 dxc4 9.Bxc4 c5 10.O-O {This is a popular line of the Ragozin Defense, played in hundreds of games, including the highest level. As is often the case, the white player needs to show a new idea in these variations, as the known paths lead to equality. That's exactly what Giri will do in this game.} 10...cxd4 11.Ne4 ( 11.Nxd4 {is also possible, but White has been unable to prove an advantage after} 11...Bd7 ) 11...Qe7 12.a3 Ba5 13.exd4 {This rare capture was tried in two high-profile games in 2022. We have a position on the board with one of the most important structures in chess, the isolated queen's pawn. Every good chess player needs to know how to play this type of position. Roughly summarized, White has more space and more active pieces, but needs to play quickly to build up some attack before Black finishes development.} ( 13.Qxd4 {is more popular.} ) 13...Rd8 14.Rc2 $5 {A very interesting theoretical novelty. White intends to develop the rook on the second rank, either on d2 or e2. These are the most dangerous novelties, the ones that don't appear in a tactical, forced variation, moves that aren't the computer's first choices. The idea will work as a charm.} ( 14.Ba2 {was played in the two games mentioned previously.} 14...Bd7 15.b4 Bb6 16.Re1 Bc6 17.Qc2 Na6 $1 ( 17...a5 18.h4 Bxe4 19.Rxe4 Nd7 {with a complicated game in Mamedyarov-Dominguez Perez, Berlin 2022.} ) 18.h4 Nc7 {and Black later won in Mamedyarov-Erigaisi, FTX Road to Miami 2022.} ) 14...Bd7 {The question is how Black should finish development. Other attempts are also possible.} ( 14...Na6 {This weird move has the idea of getting the knight to d5 via c7, but it's not the most accurate.} 15.Ne5 Nc7 16.Be2 $1 {with the idea of playing Bh5, with unpleasant pressure.} ) ( 14...Nc6 {This is very natural.} 15.b4 Bb6 16.Rd2 {Here we see one of the benefits of White's plan. The rook protects the d-pawn and is ready to support its advance.} 16...Qc7 $1 {This is an important move to fight for equality.} ( 16...Bd7 {is dubious because the queen is poorly placed on e7.} 17.Re1 {With advantage for White.} ) ) ( 14...Nd7 {I think this is the best move. The idea is to send the knight to f6 and against 15.d5 the computer helps us find the right way.} 15.d5 ( 15.Re2 Nf6 {Black has nothing to worry about.} ) 15...exd5 16.Qxd5 Nb6 $1 17.Qxa5 Qxe4 18.Bb3 Be6 {with equality.} ) 15.Re2 Bc6 16.Qc2 {Suddenly the position becomes dangerous for Black. Themes with the knight jumping to g5 begin to appear. White might even support this plan by playing h2-h4. The x-ray of the rook with the queen on e7 is also cause for concern.} 16...Bb6 $6 {The first clear mistake.} ( 16...Nd7 $2 {This move loses.} 17.d5 $1 exd5 18.Neg5 ) ( 16...Bxe4 {This is the best. It's necessary to remove the menacing knight and develop as soon as possible.} 17.Rxe4 {The most dangerous.} ( 17.Qxe4 Nc6 18.Bb5 Rac8 19.Rc2 Bb6 20.Bxc6 Rxc6 21.Rxc6 bxc6 {and Black is close to equality.} ) 17...Nd7 18.d5 e5 {White's position still looks threatening, but objectively Black manages to hold the balance.} ( 18...Nf6 $2 19.dxe6 $1 Nxe4 20.Qxe4 {with a winning attack.} ) ) 17.Rfe1 {Now White's pieces are ready for a decisive assault and extreme measures are necessary.} 17...Kh8 $2 {The losing move. Gukesh wants to remove the king from the unpleasant a2-g8 diagonal, but he has no time for that.} ( 17...Bd5 $1 {Black has to exchange the dangerous opponent's bishop.} 18.Bxd5 Rxd5 19.Nc3 {This is the problem. White will push the d-pawn forward.} 19...Rd6 $1 20.d5 Nd7 {It's clear that White is better, but the position is not winning and Black won't be mated anytime soon.} ) 18.Neg5 $3 {Giri executes a brilliant combination to finish the game in style.} 18...hxg5 19.Rxe6 $1 {The natural continuation of the previous move. When analyzing a sacrifice, it's usually useful to look at the relative strength of the pieces left on the board, that is, what they are actually doing. Notice that Black's rook and knight haven't moved yet. It's emblematic that a rook and a knight are precisely the pieces sacrificed by Giri. Of course it's always easier to come up with theories to justify a combination when it's not our pieces that are being sacrificed.} 19...fxe6 20.Rxe6 {If the queen moves then the g5-pawn is captured and the attack is irresistible.} 20...Qxe6 ( 20...Qf7 21.Nxg5 Qh5 22.Rh6+ $1 {The cleanest.} 22...Qxh6 ( 22...gxh6 23.Qh7# ) 23.Nf7+ Kg8 24.Nxh6+ Kh8 ( 24...Kf8 25.Qf5+ Ke7 26.Qe6+ Kf8 27.Qf7# ) 25.Bg8 $1 {This one hurts.} 25...Rxg8 26.Nf7# ) 21.Bxe6 Bxf3 22.Qf5 $1 {The queen and bishop are enough to create a mating attack. 23.Qh3 is threatened.} 22...Be4 {A desperate attempt to slow down the attack.} 23.Qxe4 Rxd4 24.Qf3 $1 {The only move, but it’s more than enough.} 24...g4 25.Qf8+ Kh7 26.Bf5+ Kh6 ( 26...g6 27.Qf7+ Kh8 28.Qf6+ ( 28.Bc2 {is also easily winning.} ) 28...Kg8 29.Qxg6+ Kf8 30.Qf6+ Ke8 31.g3 {The attack continues and Black still cannot move the queenside.} ) 27.Bc2 {27.Qh8 is threatened and the queenside is paralyzed. Gukesh decided to resign. A brilliant game by Giri.} 1-0